cohdb
Replays
Latest Replays
All Replays
Popular Replays
Top Player Replays
Match Explorer
How It Works
Community
CoH3 Stats
Reddit
Sign in to upload your games and track your stats! →
Sign in with Steam
Match 39214711
Unlisted
Match 39214711
Overview
Messages
Build Orders
End
Kradschützen Motorcycle Team
Panzergrenadier Squad
Panzergrenadier Squad
Selects Italian Infantry
Selects Italian Infantry
Panzergrenadier Squad
Construct Light Support Kompanie
2.5-tonne Medical Truck
Selects Defensive Operations
Fire Support Elements
Pak 38 Mechanized Group
Selects Prepared Positions
Construct Panzerarmee Kommand
Panzergrenadier Squad
Panzer III L Medium Tank
Selects Guastatori Squad
Selects Registered Artillery
Registered Artillery
2.5-tonne Medical Truck
Registered Artillery
Protez
insane
YangXYZ
FartNoise
Beard
Stug Life
Gollum
MoriMusic
0
0
Comments
sign in to comment!
No comments posted yet!